 Dungeon Crawl Stone Soup version 0.27-a0-767-g00efbec225 (webtiles) character file.

Game seed: 10272689728169724009

75 Froggeryz the Shooter (level 3, 0/28 HPs)
             Began as a Demigod Wanderer on Mar 24, 2021.
             Slain by Sigmund
             ... wielding a +0 scythe
              (3 damage)
             ... on level 2 of the Dungeon on Mar 25, 2021.
             The game lasted 00:02:58 (2239 turns).

Froggeryz the Shooter (Demigod Wanderer)            Turns: 2239, Time: 00:02:58

Health: 0/28       AC:  5    Str: 18    XL:     3   Next: 88%
Magic:  6/6        EV: 10    Int: 12    God:
Gold:   79         SH:  0    Dex: 14    Spells: 4/4 levels left

rFire    . . .     SeeInvis .   d - +0 hand axe
rCold    . . .     Faith    .   (no shield)
rNeg     . . .     Spirit   .   c - +0 ring mail
rPois    .         Reflect  .   (no helmet)
rElec    .         Harm     .   (no cloak)
rCorr    .         Rampage  .   (no gloves)
Will     .....                  (no boots)
Stlth    +.........             (no amulet)
HPRegen  0.09/turn              g - ring of wizardry
MPRegen  0.10/turn              (no ring)

@: about to teleport
A: high mp 1, forlorn
a: no special abilities


You were on level 2 of the Dungeon.
You visited 1 branch of the dungeon, and saw 2 of its levels.

You collected 79 gold pieces.

Inventory:

Hand Weapons
 a - a +2 shortbow
 d - a +0 hand axe (weapon)
Missiles
 b - 36 arrows
 i - 3 boomerangs (quivered)
Armour
 c - a +0 ring mail (worn)
Jewellery
 g - a ring of wizardry (right hand)
Scrolls
 e - 5 scrolls of identify {unknown}
 f - a scroll of magic mapping {unknown}


   Skills:
 - Level 1.5 Fighting
 * Level 1.7 Axes
 - Level 4.9 Bows
 - Level 1.0 Throwing
 - Level 1.0 Armour
 - Level 1.0 Spellcasting
 - Level 1.0 Transmutations
 - Level 1.0 Fire Magic
 - Level 1.0 Evocations


You had 4 spell levels left.
You didn't know any spells.
Your spell library contained the following spells:

 Spells                   Type           Power      Damage    Failure   Level
 Poisonous Vapours        Pois/Air       0%         N/A       32%         2
 Swiftness                Air            0%         N/A       32%         2


Dungeon Overview and Level Annotations

Branches:
Dungeon (2/15)

Annotations:
D:2 Sigmund


Innate Abilities, Weirdness & Mutations

Your attributes grow dramatically as you level up.
You have an increased reservoir of magic. (+10% MP)
You shall have no god before yourself.


Message History

The rat bites you but does no damage.
You barely miss the rat. The rat bites you but does no damage.
You hit the rat.
You kill the rat!
The hobgoblin hits you but does no damage.
You barely miss the hobgoblin. The hobgoblin hits you.
You hit the hobgoblin.
The hobgoblin is moderately wounded.
An adder comes into view.
The hobgoblin hits you.
The adder hisses angrily.
You hit the hobgoblin.
The hobgoblin is severely wounded.
Something hits you but does no damage.
The hobgoblin hits you but does no damage.
Something hits you but does no damage.
You hit the hobgoblin but do no damage.
The hobgoblin is severely wounded.
The hobgoblin hits you. Something hits you but does no damage.
The hobgoblin hits you.
You are too injured to fight recklessly!
You are too injured to fight recklessly!
You are too injured to fight recklessly!
You are too injured to fight recklessly!
You are too injured to fight recklessly!
You are too injured to fight recklessly!
You are too injured to fight recklessly!
You are too injured to fight recklessly!
You are too injured to fight recklessly!
You closely miss the hobgoblin.
The hobgoblin is severely wounded.
An endoplasm comes into view.
Something hits you!
* * * LOW HITPOINT WARNING * * *
The hobgoblin closely misses you.
You aren't carrying any potions.
As you read the scroll labelled CACOFI YDEAMN, it crumbles to dust.
You feel strangely unstable.
It was a scroll of teleportation.
The adder misses you. Something hits you.
You die...

#################
................
#...........#
#####...........#
................#
................#
............$...#
.....{g@######.##
......S.# #.#
....$...# #.#
......... #.#
........( #(#
......#.#. #.#
..J...._$. #.#
......#.### #.#
#####.#######.


You could see an adder, an endoplasm and a hobgoblin.

Vanquished Creatures
  2 adders (D:2)
  2 dart slugs (D:1)
  6 endoplasms
  3 giant cockroaches
  6 goblins
  5 hobgoblins (D:1)
  4 jackals (D:1)
  2 kobolds
  3 quokkas
  3 ball pythons (D:1)
  3 bats
  2 frilled lizards (D:1)
  7 rats
48 creatures vanquished.

Notes
Turn   | Place    | Note
-------+----------+-------------------------------------------
     0 | D:1      | Froggeryz the Demigod Wanderer began the quest for the Orb.
     0 | D:1      | Froggeryz set off with the following items: a +2 shortbow,
                  | 24 arrows, a +0 robe; and the following spells available to
                  | memorise: Poisonous Vapours, Swiftness
     0 | D:1      | Reached XP level 1. HP: 14/14 MP: 4/4
   154 | D:1      | Reached XP level 2. HP: 16/20 MP: 5/5
   831 | D:1      | Reached skill level 1 in Fighting
  1039 | D:1      | Reached XP level 3. HP: 28/28 MP: 6/6
  1681 | D:2      | Upgraded the game from 0.27-a0-752-gc3205288ea to
                  | 0.27-a0-767-g00efbec225
  1715 | D:2      | Reached skill level 1 in Axes
  1715 | D:2      | Reached skill level 1 in Armour
  2230 | D:2      | Noticed Sigmund
  2239 | D:2      | Slain by Sigmund

Illustrated notes

Levels and vault maps discovered:
D:1:      roderic_chinese_lattice_arrival, layout_basic
D:2:      layout_basic, nicolae_uskayaw_suspiria, lemuel_crystal_altar,
          uniq_sigmund

Skill      XL: |  1  2  3 |
---------------+----------+-----
Fighting       | 1 |  1.5
Axes           | 1 |  1.7
Armour         | 1 |  1.0
Bows           | |  4.9
Throwing       | |  1.0
Spellcasting   | |  1.0
Transmutations | |  1.0
Fire Magic     | |  1.0
Evocations     | |  1.0

Action                   || total
-------------------------++-------
Melee: Spear             ||    52
       Hand axe          ||   108
 Fire: Shortbow          ||    11
  Use: Scroll            ||     1
Armor: Ring mail         ||    68
Dodge: Dodged            ||    84

Table legend: (Time is in decaauts)
 A = Elapsed time spent in this place.
 B = Non-inter-level travel time spent in this place.
 C = Inter-level travel time spent in this place.
 D = Time resting spent in this place.
 E = Time spent auto-exploring this place.
 F = Levels seen in this place.
 G = Mean time per level.
                   A        B        C        D        E       F      G
               +--------+--------+--------+--------+--------+-----+--------+
         Total |   2271 |   2218 |     53 |    712 |   1136 |   2 | 1135.5 |
       Dungeon |   2271 |   2218 |     53 |    712 |   1136 |   2 | 1135.5 |
               +--------+--------+--------+--------+--------+-----+--------+

Top non-repeatable levels by time:
     D:1: 1704 daAuts
     D:2: 567 daAuts
